 Dungeon Crawl Stone Soup version 0.19-a0 (webtiles) character file.

317 Loki the Ruffian (level 6, 0/55 HPs)
             Began as a Troll Warper on Apr 27, 2016.
             Was an Initiate of Cheibriados.
             Slain by an ogre
             ... wielding a +0 giant club
              (28 damage)
             ... on level 7 of the Dungeon.
             The game lasted 00:08:40 (796 turns).

Loki the Ruffian (Troll Warper)                      Turns: 796, Time: 00:08:41

Health: 0/55       AC:  5    Str: 21    XL:     6   Next: 20%
Magic:  6/6        EV:  7    Int: 12    God:    Cheibriados [......]
Gold:   103        SH:  7    Dex: 10    Spells: 1 memorised, 6 levels left

rFire  . . .     SeeInvis .       - Unarmed
rCold  . . .     Gourm    +     a - +0 robe
rNeg   . . .     Faith    .     n - +0 shield
rPois  .         Spirit   .     (helmet restricted)
rElec  .         Dismiss  .     (no cloak)
rCorr  .         Reflect  .     (gloves unavailable)
SustAt .         Harm     .     (boots unavailable)
MR     .....                    (no amulet)
Stlth  +.........               (no ring)
                                (no ring)

@: very slow, not resistant to hostile enchantments, very unstealthy
A: unfitting armour, claws 3, fast metabolism 3, gourmand, regeneration 2,
shaggy fur 1, tough skin 2
a: Bend Time, Renounce Religion


You were on level 7 of the Dungeon.
You worshipped Cheibriados.
Cheibriados was noncommittal.
You were not hungry.

You visited 2 branches of the dungeon, and saw 8 of its levels.

You collected 123 gold pieces.
You spent 20 gold pieces at shops.

Inventory:

Missiles
 d - 5 tomahawks of dispersal (quivered)
Armour
 a - a +0 robe (worn)
 n - a +0 shield (worn)
 p - a +0 robe of resistance
Jewellery
 e - an uncursed ring of magical power {unknown}
Scrolls
 c - 2 scrolls of blinking
 g - a scroll of amnesia {unknown}
 h - 2 scrolls of enchant weapon {unknown}
 j - 10 scrolls of identify {unknown}
Potions
 i - a potion of heal wounds {unknown}
 k - 2 potions of agility {unknown}
 l - a potion of invisibility {unknown}
 o - a potion of mutation {unknown}
Books
 b - a book of Spatial Translocations

   Spells                             Type                      Level
   a - Apportation                    Translocation                1
   b - Blink                          Translocation                2
   c - Shroud of Golubria             Charms/Translocation         2
   d - Portal Projectile              Translocation                3
   e - Teleport Other                 Translocation                3
   f - Passage of Golubria            Translocation                4
 m - a book of Cantrips

   Spells                             Type                      Level
   a - Corona                         Hexes                        1
   b - Animate Skeleton               Necromancy                   1
   c - Summon Small Mammal            Summoning                    1
   d - Apportation                    Translocation                1
Comestibles
 f - 3 bread rations
 q - a meat ration


   Skills:
 - Level 1.5 Fighting
 - Level 0.8 Throwing
 - Level 1.9 Dodging
 + Level 1.1 Shields
 * Level 6.4 Unarmed Combat
 - Level 1.2 Spellcasting
 - Level 2.1 Translocations


You had 6 spell levels left.
You knew the following spells:

 Your Spells              Type           Power        Failure   Level  Hunger
a - Apportation           Tloc           #.........   67%         1    ##.....


Dungeon Overview and Level Annotations

Branches:
Dungeon (7/15)             Temple (1/1) D:7

Altars:
Cheibriados
Dithmenos
Elyvilon
Fedhas
Kikubaaqudgha
Nemelex Xobeh
Okawaru
Pakellas

Shops:
D:7 [[

Annotations:
D:5 varam's ghost, novice GrGl


Innate Abilities, Weirdness & Mutations

You are too large for most types of armour.
You have claws for hands.
Your metabolism is lightning-fast.
You like to eat raw meat.
You heal very quickly.
You are covered in fur (AC +1).
You have very tough skin (AC +2).


Message History

The ogre is moderately wounded.
The ogre hits you with a giant club.
You scratch the ogre.
The ogre is moderately wounded.
You scratch the ogre.
The ogre is moderately wounded.
The ogre hits you with a giant club!
You scratch the ogre but do no damage.
The ogre is moderately wounded.
You block the ogre's attack.
You scratch the ogre.
The ogre is moderately wounded.
You block the ogre's attack.
You scratch the ogre.
The ogre is heavily wounded.
You scratch the ogre but do no damage.
The ogre is heavily wounded.
The ogre hits you with a giant club!!
Ouch! That really hurt!
You die...

#####...........
..###.
.....>.........
......
####..##..#.###.
..#...
#...............
......
##.#.#.#.#.#..##+
...?..
..............#
......
.?.#.......#.##
#..
...............
#..
...#...@...#.###
#..
......O........
#..
...#.......#..#.
#.
..............#
#.
#..#.#.#.#.#.##
#.. .......
......# #..
....... ......#
#.# ...#.. ......


You could see an ogre.

Vanquished Creatures
  A phantom (D:4)
  A centaur (D:6)
  A quasit (D:6)
  A centaur zombie (D:6)
  A jelly (D:6)
  2 adders
  An ooze (D:6)
  2 adder skeletons (D:6)
  4 orcs
  4 goblins
  4 jackals (D:3)
  A quokka (D:6)
  3 giant newts
  2 kobolds (D:1)
  A rat (D:3)
29 creatures vanquished.

Notes
Turn   | Place    | Note
--------------------------------------------------------------
     0 | D:1      | Loki the Troll Warper began the quest for the Orb.
     0 | D:1      | Reached XP level 1. HP: 19/19 MP: 1/1
   159 | D:2      | Reached skill level 3 in Unarmed Combat
   159 | D:2      | Reached XP level 2. HP: 22/27 MP: 2/2
   218 | D:2      | Found an ancient bone altar of Kikubaaqudgha.
   223 | D:2      | Found a white marble altar of Elyvilon.
   235 | D:2      | You fall through a shaft!
   281 | D:3      | Reached XP level 3. HP: 32/33 MP: 3/3
   318 | D:4      | Noticed a phantom
   336 | D:4      | Killed a phantom
   336 | D:4      | Reached skill level 5 in Unarmed Combat
   336 | D:4      | Reached XP level 4. HP: 41/41 MP: 4/4
   393 | D:5      | Entered Level 5 of the Dungeon
   393 | D:5      | Noticed varam's ghost (novice GrGl)
   413 | D:6      | Found an iron altar of Okawaru.
   446 | D:6      | Reached XP level 5. HP: 28/48 MP: 5/5
   482 | D:7      | Found Qis Dan's Antique Armour Emporium.
   504 | D:7      | Found Hikonurph's Antique Armour Shoppe.
   512 | D:7      | Bought a runed robe for 20 gold pieces
   512 | D:7      | Noticed a yak
   577 | D:6      | Reached skill level 6 in Unarmed Combat
   596 | D:5      | Noticed a centaur
   596 | D:5      | Noticed a phantom
   625 | D:6      | Noticed a centaur
   636 | D:6      | Killed a centaur
   636 | D:6      | Reached skill level 1 in Shields
   636 | D:6      | Reached XP level 6. HP: 33/55 MP: 6/6
   646 | D:6      | Noticed an orc warrior
   717 | D:7      | Found a staircase to the Ecumenical Temple.
   726 | Temple   | Entered the Ecumenical Temple
   757 | Temple   | Became a worshipper of Cheibriados the Contemplative
   796 | D:7      | Slain by an ogre

Vault maps used:
D:1:      minmay_arrival_widening_spiral_wide, serial_glass, glass_columns_b,
          glass_columns_b, glass_columns_c, glass_columns_a, item_on_display_b,
          minmay_strange_pillars, minmay_strange_pillars, feat_on_display,
          minmay_misc_feat_pillars
D:2:      yredelemnul_forgotten_temple_becter, lemuel_crystal_altar,
          kiku_gazebo_pond_becter
D:3:      led_sif_book, gammafunk_pakellas_statue_experiment
D:4:      first_bread
D:5:      grunt_temple_overflow_champion_of_chaos, serial_undead,
          serial_undead_a, serial_undead_a, serial_undead_a, serial_undead_d,
          sigmund_edmund_badplayer
D:6:      okawaru_metal_pillars_1_2
D:7:      minmay_temple_entry_glass, serial_shops, nicolae_shop_behind_doors,
          nicolae_shop_temple_entry_statues_fountains, nicolae_shop_trees,
          kennysheep_mini_moat, nicolae_shop_crystal
Temple:   circular_temple_pool_8

Skill      XL: |  1  2  3  4  5 |
---------------+----------------+-----
Unarmed Combat | 3 5 6 |  6.4
Shields        | 1 |  1.1
Fighting       | |  1.5
Throwing       | |  0.8
Dodging        | |  1.9
Spellcasting   | |  1.2
Translocations | |  2.1

Action                   |  1- 3 |  4- 6 || total
-------------------------+-------+-------++-------
Melee: Unarmed           |    56 |    52 ||   108
  Eat: Chunk             |     2 |     4 ||     6
Armor: Robe              |    16 |    13 ||    29
Dodge: Dodged            |    32 |    20 ||    52
Block: Shield            |       |    18 ||    18
